 Dungeon Crawl Stone Soup version 0.28-a0-925-gd5e1996cdb (webtiles) character file.

Game seed: 11399713682651550818

571 ytrimaz the Skirmisher (level 7, -8/56 HPs)
             Began as a Formicid Fighter on Nov 26, 2021.
             Killed by nerve-wracking pain
             ... invoked by Menkaure
              (11 damage)
             ... on level 4 of the Dungeon.
             The game lasted 00:04:29 (4135 turns).

ytrimaz the Skirmisher (Formicid Fighter)           Turns: 4135, Time: 00:04:30

Health: -8/56      AC: 18    Str: 22    XL:     7   Next: 60%
Magic:  16/16      EV:  8    Int:  6    God:
Gold:   57         SH:  5    Dex: 10    Spells: 6/6 levels left

rFire   . . .      SeeInvis +   b - +8 scythe "Nurchud" {protect, rCorr MP+9}
rCold   . . .      Faith    .   c - +0 buckler
rNeg    . . .      Spirit   .   k - +0 chain mail
rPois   .          Reflect  .   (helmet unavailable)
rElec   .          Harm     .   (no cloak)
rCorr   +          Rampage  .   (no gloves)
Will    .....                   f - +0 pair of boots
Stlth   ..........              (no amulet)
HPRegen 0.18/turn               (no ring)
MPRegen 0.15/turn               (no ring)

@: under a protective aura
A: permanent stasis, dig shafts and tunnels, antennae 3, four strong arms, dopey
1, subdued magic 1
a: Dig, Shaft Self


You were on level 4 of the Dungeon.
You visited 1 branch of the dungeon, and saw 4 of its levels.

You collected 185 gold pieces.
You spent 128 gold pieces at shops.

Inventory:

Hand Weapons
 a - a +0 war axe
 b - the +8 scythe "Nurchud" (weapon) {protect, rCorr MP+9}
   (You bought it in a shop on level 1 of the Dungeon)

   It grants its wielder temporary protection when it strikes (+7 to AC).
   MP:        It affects your magic capacity (+9).
   rCorr:     It protects you from acid and corrosion.
 g - a +5 whip of electrocution
Armour
 c - a +0 buckler (worn)
 f - a +0 pair of boots (worn)
 k - a +0 chain mail (worn)
Wands
 i - a wand of charming (11)
Scrolls
 d - 2 scrolls of identify
 j - a scroll of enchant weapon
Potions
 e - a potion of haste
 h - a potion of brilliance


   Skills:
 * Level 5.5 Fighting
 - Level 4.0(4.1) Axes
 * Level 0.8(2.6) Polearms
 + Level 5.4 Armour
 * Level 5.4 Shields


You had 6 spell levels left.
You didn't know any spells.
Your spell library contained the following spells:

 Spells                   Type           Power      Damage    Failure   Level
 Animate Skeleton         Necr           0%         N/A       98%         1
 Apportation              Tloc           0%         N/A       98%         1
 Summon Small Mammal      Summ           0%         N/A       98%         1
 Lesser Beckoning         Tloc           0%         N/A       100%        3
 Manifold Assault         Tloc           0%         N/A       100%        5
 Malign Gateway           Summ/Tloc      0%         N/A       100%        7
 Summon Horrible Things   Summ           0%         N/A       100%        8
 Blink                    Tloc           Unusable   N/A       N/A         2

Dungeon Overview and Level Annotations

Branches:
Dungeon (4/15)
 Temple: D:4-7

Altars:
Dithmenos
Wu Jian
The Shining One

Shops:
D:1 ([   D:2 [

Annotations:
D:4 Menkaure


Innate Abilities, Weirdness & Mutations

You cannot be hasted, slowed, berserked, paralysed or teleported.
You can dig through walls and to a lower floor.
You have a pair of large antennae on your head. (SInv)
Your four strong arms can wield two-handed weapons with a shield.
You are dopey. (Int -2)
Your spells are a little easier to cast, but a little less powerful.


Message History

You reach to attack!
You barely miss the goblin.
The goblin shoots a stone.
The stone closely misses you.
The goblin shoots a stone.
The stone closely misses you.
You reach to attack!
You slash the goblin!
Your weapon exudes an aura of protection.
You kill the goblin!
No target in view!
No target in view!
You now have 57 gold pieces (gained 6).
Things that are here:
a +0 hunting sling; a +0 club; 8 stones
There is an open door here.
You open the door.
Found a glowing falchion.
Menkaure, Prince of Dust comes into view.
Menkaure blazes with dark energy!
Menkaure calls on the powers of darkness!
Your body is wracked with pain!
Menkaure is nearby!
Menkaure is nearby!
Unknown command.
There is an open door here.
You start resting.
You sense a monster nearby.
You start resting.
Menkaure is nearby!
You barely miss Menkaure.
Menkaure shouts, "Why can't you leave me to my rest?"
Menkaure calls on the powers of darkness!
Your body is wracked with pain!
Menkaure barely misses you.
You completely miss Menkaure.
Menkaure gestures at you while chanting.
Pain shoots through your body!
* * * LOW HITPOINT WARNING * * *
You slice Menkaure!!
Your weapon exudes an aura of protection.
Menkaure is severely damaged.
Menkaure gestures at you while chanting.
Pain shoots through your body!
You die...

....#####..###.......##
#.M.....#....#.......#
+.......#....#.......#
#.......######.......#
#)..............###'##
#...............#....+
................#....#
.#####+#....†...##...#
#....@#....######...##
+.....M....#...)#.....
#.....#....'....#.....
#.##+##....###+####.##
# #......#####.####.##
#..(...# #.....'...
#......# #.....#...
#......+ #.....#...
#......# #.....#...


You could see Menkaure.

Vanquished Creatures
  Grinder (D:3)
  Sigmund (D:2)
  A hound (D:4)
  2 orc wizards (D:4)
  A gnoll (D:1)
  3 adders
  2 worms (D:2)
  2 dart slugs
  6 orcs (D:4)
  3 bats
  7 endoplasms
  6 giant cockroaches
  5 goblins
  7 hobgoblins
  6 jackals
  4 quokkas
  8 ball pythons
  3 frilled lizards
  7 kobolds
  2 rats
77 creatures vanquished.

Notes
Turn   | Place    | Note
-------+----------+-------------------------------------------
     0 | D:1      | ytrimaz the Formicid Fighter began the quest for the Orb.
     0 | D:1      | Reached XP level 1. HP: 18/18 MP: 1/1
    54 | D:1      | Found Xuetautiyt's Antique Weapon Shoppe.
    78 | D:1      | Reached XP level 2. HP: 21/24 MP: 2/2
   138 | D:1      | Found Dazaywibb's Antique Armour Boutique.
   534 | D:1      | Reached XP level 3. HP: 27/29 MP: 3/3
   714 | D:1      | Found a faded altar of an unknown god.
  1067 | D:2      | Reached XP level 4. HP: 29/37 MP: 4/4
  1234 | D:2      | Noticed Sigmund
  1255 | D:2      | HP: 1/37 [Sigmund/puff of flame (7)]
  1257 | D:2      | Killed Sigmund
  1258 | D:2      | Reached XP level 5. HP: 1/43 MP: 5/5
  1258 | D:2      | Reached XP level 6. HP: 1/49 MP: 6/6
  2026 | D:2      | Gained mutation: You are dopey. (Int -2) [potion of
                  | mutation]
  2026 | D:2      | Gained mutation: Your spells are a little easier to cast,
                  | but a little less powerful. [potion of mutation]
  2535 | D:3      | Noticed Grinder
  2556 | D:3      | Killed Grinder
  2556 | D:3      | HP: 2/49 [constriction (1)]
  2557 | D:3      | Reached skill level 5 in Fighting
  2557 | D:3      | Reached skill level 5 in Armour
  2557 | D:3      | Reached skill level 5 in Shields
  2557 | D:3      | Reached XP level 7. HP: 3/56 MP: 7/7
  3290 | D:3      | Found an ornate altar of the Wu Jian Council.
  3294 | D:3      | Found a glowing golden altar of the Shining One.
  3294 | D:3      | Found a shadowy altar of Dithmenos.
  3588 | D:1      | Bought a scorched scythe for 128 gold pieces
  3588 | D:1      | Identified the +8 scythe "Nurchud" {protect, rCorr MP+9}
                  | (You bought it in a shop on level 1 of the Dungeon)
  4118 | D:4      | Noticed Menkaure
  4135 | D:4      | Killed from afar by Menkaure

Illustrated notes

Levels and vault maps discovered:
D:1:      tarquinn_simple_flora_water_d, layout_rooms, serial_shops, shop, shop,
          shapermc_ecumenical_altar_pompeii
D:2:      minmay_angry_zag, layout_loops_ring, kennysheep_generic_room_16,
          uniq_sigmund
D:3:      layout_basic, chequers_temple_overflow_statue_of_worship, uniq_grinder
D:4:      layout_gridville, minmay_temple_entry_drinking_statues, uniq_menkaure

Skill      XL: |  1  2  3  4  5  6 |
---------------+-------------------+-----
Shields        | 4 5 |  5.4
Fighting       | 4 5 |  5.5
Axes           | 3 4 |  4.0
Armour         | 4 5 |  5.4
Polearms       | |  0.8

Action                   |  1- 3 |  4- 6 |  7- 9 || total
-------------------------+-------+-------+-------++-------
Melee: War axe           |    75 |       |       ||    75
       Whip              |     5 |    78 |    20 ||   103
       Scythe            |       |       |    40 ||    40
  Use: Scroll            |     2 |     4 |     1 ||     7
       Potion            |       |     2 |       ||     2
Armor: Scale mail        |    41 |    48 |    16 ||   105
       Chain mail        |       |       |    45 ||    45
Dodge: Dodged            |    51 |    38 |    31 ||   120
Block: Buckler           |    21 |    18 |    19 ||    58

Table legend: (Time is in decaauts)
 A = Elapsed time spent in this place.
 B = Non-inter-level travel time spent in this place.
 C = Inter-level travel time spent in this place.
 D = Time resting spent in this place.
 E = Time spent auto-exploring this place.
 F = Levels seen in this place.
 G = Mean time per level.
                   A        B        C        D        E       F      G
               +--------+--------+--------+--------+--------+-----+--------+
         Total |   4200 |   4090 |    110 |    985 |   2441 |   4 | 1050.0 |
       Dungeon |   4200 |   4090 |    110 |    985 |   2441 |   4 | 1050.0 |
               +--------+--------+--------+--------+--------+-----+--------+

Top non-repeatable levels by time:
     D:2: 1808 daAuts
     D:3: 1031 daAuts
     D:1: 852 daAuts
     D:4: 508 daAuts
